 Dungeon Crawl Stone Soup version 0.22.1-6-g1668fe2 (webtiles) character file.

2771 Fang the Cleaver (level 9, -3/127 HPs)
             Began as a Gargoyle Berserker on Jan 24, 2019.
             Was an Elder of Trog.
             Slain by a troll (5 damage)
             ... on level 8 of the Dungeon.
             The game lasted 00:08:04 (6032 turns).

Fang the Cleaver (Gargoyle Berserker)               Turns: 6032, Time: 00:08:05

Health: -3/127     AC: 21    Str: 28 (29) XL:     9   Next: 69%
Magic:  0/9        EV:  2    Int:  6 (8)  God:    Trog [****..]
Gold:   436        SH:  0    Dex: 13 (14) Spells: 8/8 levels left

rFire    . . .     SeeInvis .   w - +0 war axe
rCold    . . .     Gourm    .   (no shield)
rNeg     + + +     Faith    .   (armour currently unavailable)
rPois    ∞         Spirit   +   (helmet currently unavailable)
rElec    .         Reflect  .   (cloak currently unavailable)
rCorr    .         Harm     .   (gloves currently unavailable)
MR       .....     NoTele   +   (boots currently unavailable)
Stlth    ..........             y - amulet of guardian spirit
HPRegen  0.31/turn              i - ring of attention (curse)
MPRegen  0.11/turn              a - -3 ring of protection (curse)

@: mighty, agile, berserking, tree-form, very quick
A: negative energy resistance 1, petrification resistance, rot immunity, AC +6
a: Berserk, Trog's Hand, Brothers in Arms, Renounce Religion


You were on level 8 of the Dungeon.
You worshipped Trog.
Trog was greatly pleased with you.
You were very hungry.
You were a tree.
You visited 2 branches of the dungeon, and saw 9 of its levels.

You collected 436 gold pieces.

Inventory:

Hand Weapons
 w - a +0 war axe (weapon)
Armour
 s - a +1 hat (melded)
 E - a +0 plate armour (melded)
Jewellery
 a - a cursed -3 ring of protection (right branch)
 i - a cursed ring of attention (left branch)
 t - an uncursed ring of stealth {unknown}
 y - an amulet of guardian spirit (around neck)
 A - a +4 ring of strength {unknown}
 C - a cursed +3 ring of strength {unknown}
 F - an uncursed ring of protection from cold {unknown}
Wands
 u - a wand of paralysis (43)
 x - a wand of iceblast (18)
 z - a wand of acid (18)
 D - a wand of polymorph (6)
Scrolls
 b - a scroll of fear {unknown}
 d - 3 scrolls of teleportation {unknown}
 j - 2 scrolls of fog {unknown}
 k - a scroll of blinking {unknown}
 l - a scroll of amnesia {unknown}
 m - a scroll of enchant armour {unknown}
 n - a scroll of random uselessness {unknown}
 p - 5 scrolls of identify {unknown}
 r - 4 scrolls of remove curse {unknown}
 B - a scroll of noise {unknown}
Potions
 e - a potion of degeneration
 f - a potion of agility
 g - 3 potions of lignification
 h - a potion of haste
 o - 4 potions of curing {unknown}
 q - a potion of heal wounds {unknown}
 v - 4 potions of might
Comestibles
 c - 14 rations


   Skills:
 + Level 7.4 Fighting
 + Level 10.7 Axes
 - Level 2.2 Armour
 - Level 1.6 Dodging
 + Level 1.2 Stealth


You had 8 spell levels left.
You didn't know any spells.
Your spell library was empty.

Dungeon Overview and Level Annotations

Branches:
Dungeon (8/15)             Temple (1/1) D:6            Lair (0/6) D:8

Altars:
Ashenzari
Gozag
Hepliaklqana
Nemelex Xobeh
Okawaru
Trog
Vehumet
Wu Jian

Shops:
D:5 !


Innate Abilities, Weirdness & Mutations

You are resistant to torment.
((Your stone body is resilient. (AC +6)))
You are immune to poison.
You resist negative energy. (rN+)
((You are resistant to electric shocks. (rElec)))
((You can survive without breathing.))
You are immune to petrification.
You are immune to rotting.


Message History

You kill the electric eel!
Trog accepts your kill.
You hear a splash.
You slash the wolf!
You feel the power of Trog in you as your rage grows.
You kill the wolf!
Trog accepts your kill.
You feel your strength returning.
You miss the water moccasin. You miss the wolf. The wolf completely misses you.
The water moccasin bites you but does no damage.
The wolf bites you but does no damage.
You closely miss the troll. You barely miss the electric eel.
You barely miss the wolf. You miss the wolf. You slash the water moccasin!
You feel the power of Trog in you as your rage grows.
You kill the water moccasin!
Trog accepts your kill.
The wolf splashes around in the water.
The wolf bites you.
* * * LOW HITPOINT WARNING * * *
The troll bites you but does no damage. The troll claws you.
You die...

......#.†.....#...
......#.......#..≈≈≈...;
......#.......#..≈≈≈.≈..
......+.......#...≈.....
....###.......#.≈≈≈.≈.>.
....#............≈≈≈....
.._.'...........≈≈≈≈.≈.≈
....#...........T†≈≈≈≈≈≈
....#..........h♣†≈≈≈≈≈≈
....#..........†h;≈≈≈.≈≈
#+###..............≈.≈≈≈
.....#########..≈..≈.≈.≈
.....# #..........
.....# #..........
.....# #........##
.....# #........# .....#
.......


You could see a troll, 2 wolves and 2 electric eels.

Vanquished Creatures
  A troll (D:4)
  A water moccasin (D:8)
  A sky beast (D:8)
  2 eyes of draining (D:4)
  2 orc warriors
  A black bear (D:7)
  A wolf (D:8)
  A bullfrog (D:8)
  2 scorpions
  A wyvern skeleton (D:7)
  5 killer bees (D:7)
  An electric eel (D:8)
  A howler monkey (D:5)
  A crimson imp (D:7)
  A quasit (D:7)
  2 jellies (D:8)
  5 hounds
  5 orc priests
  5 bullfrog skeletons
  A centaur skeleton (D:6)
  Jessica (D:3)
  8 orc wizards
  An iguana (D:5)
  6 worker ants
  A killer bee zombie (D:8)
  A hound skeleton (D:4)
  A worker ant zombie (D:6)
  5 gnolls
  6 adders
  3 shadow imps
  An adder skeleton (D:7)
  An adder zombie (D:8)
  5 worms
  A dart slug (D:1)
  A leopard gecko (D:6)
  26 orcs
  12 bats
  5 giant cockroaches
  9 goblins
  5 hobgoblins
  10 jackals
  A quokka (D:5)
  A ball python (D:3)
  4 frilled lizards
  8 kobolds
  2 leopard gecko zombies
  A quokka skeleton (D:6)
  10 rats
176 creatures vanquished.

Vanquished Creatures (collateral kills)
  A killer bee (D:7)
1 creature vanquished.

Grand Total: 177 creatures vanquished

Notes
Turn   | Place    | Note
-------+----------+-------------------------------------------
     0 | D:1      | Fang the Gargoyle Berserker began the quest for the Orb.
     0 | D:1      | Reached XP level 1. HP: 14/14 MP: 1/1
   340 | D:1      | Reached XP level 2. HP: 16/19 MP: 2/2
   397 | D:1      | Reached skill level 3 in Axes
   972 | D:2      | Reached XP level 3. HP: 24/24 MP: 3/3
   999 | D:2      | Reached ** piety under Trog
  1364 | D:2      | Found an opulent altar of Gozag.
  1416 | D:2      | Reached XP level 4. HP: 29/29 MP: 4/4
  1730 | D:3      | Reached skill level 4 in Axes
  1942 | D:3      | Reached XP level 5. HP: 20/33 MP: 5/5
  2121 | D:3      | Found a sparkling altar of Nemelex Xobeh.
  2381 | D:3      | Noticed Jessica
  2387 | D:3      | Killed Jessica
  2387 | D:3      | Reached skill level 1 in Stealth
  2439 | D:3      | Found a faded altar of an unknown god.
  2535 | D:3      | Found a hazy altar of Hepliaklqana.
  2535 | D:3      | Found an ornate altar of the Wu Jian Council.
  2599 | D:4      | Noticed a troll
  2610 | D:4      | Killed a troll
  2610 | D:4      | Reached *** piety under Trog
  2610 | D:4      | Reached skill level 5 in Axes
  2610 | D:4      | Reached XP level 6. HP: 4/40 MP: 6/6
  2611 | D:4      | Reached skill level 6 in Axes
  2999 | D:4      | Reached XP level 7. HP: 44/44 MP: 7/7
  3205 | D:4      | Found a bloodstained altar of Trog.
  3216 | D:4      | Reached skill level 5 in Fighting
  3488 | D:4      | Reached skill level 7 in Axes
  3589 | D:4      | Found an iron altar of Okawaru.
  3630 | D:4      | Reached XP level 8. HP: 46/51 MP: 8/8
  3715 | D:5      | Entered Level 5 of the Dungeon
  4090 | D:5      | Found Tualeic's Distillery.
  4178 | D:5      | Reached skill level 8 in Axes
  4339 | D:6      | Found a staircase to the Ecumenical Temple.
  4357 | Temple   | Entered the Ecumenical Temple
  4382 | D:6      | Reached **** piety under Trog
  4916 | D:7      | Reached skill level 9 in Axes
  5036 | D:7      | Reached XP level 9. HP: 53/56 MP: 9/9
  5438 | D:7      | Found a shattered altar of Ashenzari.
  5640 | D:8      | Reached skill level 10 in Axes
  5989 | D:8      | Found a radiant altar of Vehumet.
  6008 | D:8      | Found a staircase to the Lair.
  6011 | D:8      | Noticed a troll
  6030 | D:8      | HP: 3/127 [wolf (7)]
  6032 | D:8      | Slain by a troll

Skill      XL: |  1  2  3  4  5  6  7  8  9 |
---------------+----------------------------+-----
Axes           | 3 4 5 6 7 9 10 | 10.7
Fighting       | 4 5 6 7 |  7.4
Stealth        | 1 |  1.2
Armour         | |  2.2
Dodging        | |  1.6

Action                   |  1- 3 |  4- 6 |  7- 9 || total
-------------------------+-------+-------+-------++-------
Melee: Hand axe          |   148 |   107 |    85 ||   340
       War axe           |       |       |   255 ||   255
Invok: Berserk           |       |     2 |     4 ||     6
       Brothers in Arms  |       |       |     1 ||     1
  Use: Potion            |       |       |     4 ||     4
  Eat: Chunk             |     1 |     8 |     9 ||    18
       Ration            |       |       |     1 ||     1
Armor: Animal skin       |    23 |       |       ||    23
       Chain mail        |    72 |    73 |   128 ||   273
       Plate armour      |       |       |   157 ||   157
       Skin              |       |       |    47 ||    47
Dodge: Dodged            |   119 |    52 |   171 ||   342
